 Seeded DCSS version 0.29-a0-1016-g236c7fd91e (webtiles) character file.

Game seed: 17300230855100294756 (custom seed)

75 flotson the Sneak (level 4, -3/35 HPs)
             Began as a Demonspawn Delver on Aug 9, 2022.
             Slain by a river rat (9 damage)
             ... in a sewer.
             The game lasted 00:02:05 (603 turns).

flotson the Sneak (Demonspawn Delver)                Turns: 603, Time: 00:02:06

Health: -3/35      AC:  3    Str: 14    XL:     4   Next: 11%
Magic:  4/4        EV: 12    Int: 11    God:
Gold:   21         SH:  0    Dex: 15    Spells: 3/3 levels left

rFire   . . .      SeeInvis .   a - +0 spear
rCold   . . .      Faith    .   (no shield)
rNeg    . . .      Spirit   .   b - +0 leather armour
rPois   .          Reflect  .   (no helmet)
rElec   .          Harm     .   (no cloak)
rCorr   .          Rampage  .   (no gloves)
Will    .....                   (no boots)
Stlth   +++.......              (no amulet)
HPRegen 0.11/turn               (no ring)
MPRegen 0.09/turn               (no ring)

@: no status effects
A: hooves 1, demonic guardian 1
a: no special abilities


You were in a sewer.
You visited 1 branch of the dungeon, and saw 2 of its levels.
You also visited: Sewer.

You collected 21 gold pieces.

Inventory:

Hand Weapons
 a - a +0 spear (weapon)
Armour
 b - a +0 leather armour (worn)
Wands
 g - a wand of digging (2)
Scrolls
 c - a scroll of fog
 d - a scroll of magic mapping


   Skills:
 + Level 3.5 Fighting
 - Level 1.7 Polearms
 + Level 1.4 Armour
 + Level 2.5 Dodging
 - Level 4.5 Stealth
 + Level 1.6 Evocations


You had 3 spell levels left.
You didn't know any spells.
Your spell library was empty.

Dungeon Overview and Level Annotations

Branches:
Dungeon (5/15)              Sewer (1/1)
 Temple: D:4-7

Altars:
Vehumet


Innate Abilities, Weirdness & Mutations

You have large cloven feet.
A weak demonic guardian rushes to your aid.


Message History

t - Shout!
Orders for allies: a - Attack new target. r - Retreat! s - Stop attacking. g - Guard the area. f - Follow me.
Anything else - Cancel.
Gang up on whom?
Press: ? - help, Dir - move target, f - ball python
Aim: a ball python Attack!
Your ufetubus closely misses the ball python.
Your ufetubus hits the ball python.
The ball python dies!
Something completely misses your ufetubus.
The river rat barely misses your ufetubus.
Your ufetubus closely misses the river rat. x2
Your ufetubus hits the river rat. x2; The river rat bites your ufetubus.
Your ufetubus barely misses the river rat. x2
The river rat bites your ufetubus!
Your ufetubus dies!
Your ufetubus disappears in a puff of smoke!
Reach: a) +0 spear
Press: ? - help, Dir - move target, f - river rat
Aim: a river rat (heavily wounded, about 42% to evade your +0 spear)
You reach to attack!
You hit the river rat.
The river rat is severely wounded.
You closely miss the rat. The rat closely misses you.
You barely miss the rat. The rat bites you but does no damage.
You hit the rat but do no damage. You kick the rat.
You kill the rat!
Unknown command.
Reach: a) +0 spear
Press: ? - help, Dir - move target, f/p - river rat
Aim: a river rat (heavily wounded, about 42% to evade your +0 spear)
Okay, then.
Unknown command.
Aiming: Dig
Press: ? - help, Shift-Dir - straight line, p - river rat A rock wall.
The rock shatters into small pieces.
The river rat bites you!
You die...

≈≈≈≈≈≈≈≈≈≈≈≈≈≈...~~..~~~≈
≈≈~≈≈~~~≈≈~~≈.~S....~~~.~
~~~~....~.~...........~.~
~~.......................
...........†.............
........##...............
rr.....####..r....##.....
#r.r# #.##...##.÷## ...
### #@rr#####..### .
##### ##..∩# #####


You could see 2 river rats and a rat.

Vanquished Creatures
  A hound (D:5)
  An adder (Sewer)
  A ball python (Sewer)
  A kobold (D:4)
  6 rats
10 creatures vanquished.

Vanquished Creatures (collateral kills)
  2 adders (Sewer)
  A river rat (Sewer)
  2 ball pythons (Sewer)
5 creatures vanquished.

Grand Total: 15 creatures vanquished

Notes
Turn   | Place    | Note
-------+----------+-------------------------------------------
     0 | D:5      | flotson the Demonspawn Delver began the quest for the Orb.
     0 | D:5      | Reached XP level 1. HP: 18/18 MP: 1/1
     7 | D:5      | Found a radiant altar of Vehumet.
    30 | D:5      | Noticed a scorpion
    30 | D:5      | Noticed a hound
    51 | D:5      | Killed a hound
    52 | D:5      | Reached skill level 1 in Armour
    52 | D:5      | Reached skill level 1 in Evocations
    52 | D:5      | Gained mutation: A weak demonic guardian rushes to your
                  | aid. [demonic ancestry]
    52 | D:5      | Reached XP level 2. HP: 7/24 MP: 2/2
    52 | D:5      | Reached XP level 3. HP: 9/29 MP: 3/3
    62 | D:5      | Found a glowing drain.
    62 | D:5      | Noticed a bullfrog
    62 | D:5      | Noticed a scorpion
    71 | Sewer    | Entered a sewer
   592 | Sewer    | Gained mutation: You have large cloven feet. [demonic
                  | ancestry]
   592 | Sewer    | Reached XP level 4. HP: 4/35 MP: 4/4
   603 | Sewer    | Slain by a river rat

Illustrated notes

Levels and vault maps discovered:
D:4:      layout_gridville, mainiacjoe_overflow_six_doors_small, serial_shops,
          nicolae_shop_overgrown_old_shop, grunt_decor_arrowhead
D:5:      layout_rooms, marbit_many_paths, overflow_temple_1_default,
          lemuel_doored_altar, nicolae_overflow_crystal_walls,
          portal_sewer_entry_a, uniq_eustachio, uniq_ijyb, uniq_duvessa,
          uniq_blork_the_orc
Sewer:    sewer_minmay_treatment

Skill      XL: |  1 |
---------------+----+-----
Armour         | 1 |  1.4
Dodging        | 2 |  2.5
Evocations     | 1 |  1.6
Fighting       | |  3.5
Polearms       | |  1.7
Stealth        | |  4.5

Action                   |  1- 3 |  4- 6 || total
-------------------------+-------+-------++-------
Melee: Spear             |    62 |     4 ||    66
       Kick              |       |     1 ||     1
Evoke: Wand              |       |     1 ||     1
  Use: Potion            |     1 |       ||     1
       Scroll            |     1 |       ||     1
 Stab: Sleeping          |     1 |       ||     1
Armor: Leather armour    |    13 |     1 ||    14
Dodge: Dodged            |    38 |     1 ||    39

Table legend: (Time is in decaauts)
 A = Elapsed time spent in this place.
 B = Non-inter-level travel time spent in this place.
 C = Inter-level travel time spent in this place.
 D = Time resting spent in this place.
 E = Time spent auto-exploring this place.
 F = Levels seen in this place.
 G = Mean time per level.
                   A        B        C        D        E       F      G
               +--------+--------+--------+--------+--------+-----+--------+
         Total |    587 |    587 |      0 |    175 |    254 |   3 |  195.7 |
       Dungeon |     60 |     60 |      0 |      0 |      0 |   2 |   30.0 |
         Sewer |    527 |    527 |      0 |    175 |    254 |   1 |  527.0 |
               +--------+--------+--------+--------+--------+-----+--------+

Top non-repeatable levels by time:
   Sewer: 527 daAuts
     D:5: 51 daAuts
     D:4: 8 daAuts
